 Dungeon Crawl Stone Soup version 0.31-a0-1522-g43313d8a59 (webtiles) character file.

Game seed: 17944432702380704137

571 AstroCodex24 the Chopper (level 6, -1/46 (52) HPs)
             Began as a Demigod Fighter on Dec 30, 2023.
             Slain by a wight
             ... wielding a +2 short sword
              (6 damage)
             ... on level 5 of the Dungeon.
             The game lasted 00:18:57 (4573 turns).

AstroCodex24 the Chopper (Demigod Fighter)          Turns: 4573, Time: 00:18:57

HP:   -1/46 (52)    AC: 14    Str: 25    XL:     6   Next: 86%
MP:   8/8           EV:  9    Int: 10    God:
Gold: 251           SH:  4    Dex: 13    Spells: 5/5 levels left

rFire   . . .        a - +0 war axe (vamp)
rCold   . . .        c - +0 buckler
rNeg    . . .        b - +0 chain mail
rPois   .            k - +0 helmet
rElec   .            t - +0 cloak
rCorr   .            f - +0 pair of gloves
SInv    .            i - +0 pair of boots
Will    .....        (no amulet) Stlth
                     (no ring)
HPRegen 0.27/turn    (no ring)
MPRegen 0.11/turn

%: no passive effects
@: weak-willed, heavily drained
A: high MP 1, forlorn, divine attributes
a: no special abilities


You were on level 5 of the Dungeon.
You visited 1 branch of the dungeon, and saw 5 of its levels.

You collected 251 gold pieces.

Inventory:

Hand Weapons
 a - a +0 vampiric war axe (weapon)
Armour
 b - a +0 chain mail (worn)
 c - a +0 buckler (worn)
 f - a +0 pair of gloves (worn)
 i - a +0 pair of boots (worn)
 k - a +0 helmet (worn)
 t - a +0 cloak (worn)
 y - a +2 ring mail of poison resistance
Jewellery
 A - a ring of ice
Wands
 n - a wand of paralysis (3)
 p - a wand of mindburst (4)
 s - a wand of iceblast (2)
Scrolls
 e - 2 scrolls of identify
 j - 2 scrolls of revelation
 m - a scroll of vulnerability
 q - 2 scrolls of brand weapon
 r - a scroll of immolation {unknown}
 u - a scroll of noise {unknown}
 v - a scroll of poison {unknown}
 w - 2 scrolls of teleportation {unknown}
 C - a scroll of amnesia {unknown}
Potions
 d - a potion of might
 g - a potion of mutation {unknown}
 h - 3 potions of haste {unknown}
 l - a potion of degeneration {unknown}
 o - a potion of brilliance {unknown}
 x - a potion of berserk rage {unknown}
 z - 2 potions of lignification {unknown}
 B - 2 potions of curing {unknown}


   Skills:
 + Level 4.1 Fighting
 + Level 4.9 Axes
 + Level 3.8 Armour
 + Level 1.4 Dodging
 + Level 0.5 Stealth
 + Level 3.3 Shields
 + Level 0.1 Evocations


You had 5 spell levels left.
You didn't know any spells.
Your spell library contained the following spells:

 Spells                   Type           Power      Damage    Failure   Level
 Sandblast                Erth           0%         2d4       94%         1
 Lesser Beckoning         Tloc           0%         N/A       98%         2
 Gell's Gravitas          Tloc           0%         N/A       100%        3
 Passwall                 Erth           0%         N/A       100%        3
 Stone Arrow              Conj/Erth      0%         3d7       100%        3
 Teleport Other           Tloc           0%         N/A       100%        3
 Volatile Blastmotes      Fire/Tloc      0%         2d10      100%        3
 Brom's Barrelling Bould  Conj/Erth      0%         2d3       100%        4
 Fulminant Prism          Conj/Alch      0%         3d5       100%        4
 Iskenderun's Mystic Bla  Conj/Tloc      0%         2d3       100%        4


Dungeon Overview and Level Annotations

Branches:
Dungeon (5/15)
 Temple: D:4-7


Innate Abilities, Weirdness & Mutations

You have an increased reservoir of magic. (+10% MP)
You shall have no god before yourself.
Your divine heritage dramatically boosts your attributes as you level up.


Message History

The wight hits you with a +2 short sword!
You feel drained. The wight barely misses you.
You closely miss the wight.
The wight is lightly damaged.
You closely miss the wight. You barely miss the wight.
The wight hits you with a +4 hand axe.
You feel drained. The wight hits you but does no damage.
The wight barely misses you. The wight hits you with a +4 hand axe!
The wight barely misses you. The wight hits you but does no damage.
Aiming: Mindburst
Press: ? - help, Q - select action, (/) - cycle Shift-Dir - straight line, f - wight
Aim: a wight, wielding a +4 hand axe and wearing a +0 robe (lightly damaged, chance to affect: 64%)
The wight's mind is blasted!
You blow up the wight!
The wight hits you but does no damage. You block the wight's attack.
As you read the scroll labelled TEUCZA DIAPRE, it crumbles to dust.
It is a scroll of identify.
j - 2 scrolls of revelation The wight hits you but does no damage.
You block the wight's attack. The wight closely misses you.
As you read the scroll labelled HENNIWOFIE, it crumbles to dust.
A wave of despondency washes over your surroundings.
It was a scroll of vulnerability.
The wight hits you but does no damage.
The wight hits you with a +2 short sword.
* * * LOW HITPOINT WARNING * * *
You feel drained.
* * * LOW HITPOINT WARNING * * *
The wight closely misses you.
As you read the scroll labelled KIUMAFAMEL, it crumbles to dust.
It is a scroll of brand weapon.
Your +0 war axe thirsts for the lives of mortals!
a - a +0 vampiric war axe (weapon)
The wight hits you with a +5 dagger of freezing.
* * * LOW HITPOINT WARNING * * *
You feel drained.
* * * LOW HITPOINT WARNING * * *
The wight freezes you.
* * * LOW HITPOINT WARNING * * *
The wight hits you with a +2 short sword.
You die...

#.##.......### # .#
##.....###
#.###.....##
#.##... ##......#..
#.####...## #.##.#.
#.........#
#......<##
#......#.#.##.#####
#########
#.##.#..... #.# #
#.##z##.### #.# #
#.##.##.#####.#####
#z##.##.##.......#
#z@z..).##.......##
####....##.......##
####.##.......##
#.##.......#
#.##.......#
#.##.......#
#.########## #.###
#...# #####


You could see 3 wights.

Vanquished Creatures
  Blork the orc (D:4)
  2 scorpions (D:4)
  2 wights (D:5)
  A bombardier beetle (D:3)
  2 jellies (D:4)
  An orc priest (D:5)
  A hound (D:4)
  An orc wizard (D:4)
  4 adders
  A ribbon worm (D:3)
  8 orcs
  7 bats
  4 endoplasms
  A giant cockroach (D:1)
  2 goblins
  7 hobgoblins
  4 jackals (D:1)
  5 quokkas
  4 ball pythons
  A frilled lizard (D:2)
  4 kobolds
  7 rats
70 creatures vanquished.

Notes
Turn   | Place    | Note
-------+----------+-------------------------------------------
     0 | D:1      | AstroCodex24 the Demigod Fighter began the quest for the
                  | Orb.
     0 | D:1      | Reached XP level 1. HP: 18/18 MP: 3/3
     3 | D:1      | Noticed an electric eel
    26 | D:1      | Noticed an electric eel
   205 | D:1      | Reached XP level 2. HP: 4/25 MP: 4/4
   665 | D:3      | Reached XP level 3. HP: 30/30 MP: 5/5
   978 | D:4      | Noticed a scorpion
   997 | D:4      | Killed a scorpion
   998 | D:4      | Reached XP level 4. HP: 12/38 MP: 6/6
  1111 | D:4      | Reached XP level 5. HP: 31/45 MP: 7/7
  1381 | D:4      | Reached skill level 1 in Dodging
  1790 | D:4      | Noticed Blork the orc
  1806 | D:4      | Killed Blork the orc
  1807 | D:4      | Reached XP level 6. HP: 23/51 MP: 8/8
  3535 | D:2      | You fall into a shaft and drop 1 floor!
  4237 | D:1      | You fall into a shaft and drop 1 floor!
  4274 | D:2      | You fall into a shaft and drop 1 floor!
  4353 | D:5      | Entered Level 5 of the Dungeon
  4573 | D:5      | Slain by a wight

Illustrated notes

Levels and vault maps discovered:
D:1:      arrival_aquarium_b, layout_basic
D:2:      layout_loops_cross, serial_bayou, serial_bayou_pond_a,
          serial_bayou_shore_a, serial_bayou_lagoon_a, serial_bayou_lake_a,
          grunt_decor_mini_mirrors
D:3:      layout_loops_ring, nicolae_tso_swordbearing_angel
D:4:      layout_basic, hangedman_decor_clover_reticule, uniq_blork_the_orc
D:5:      layout_loops_cross, serial_shops, nicolae_shop_trees,
          nicolae_square_shop, st_stairs_7

Skill      XL: |  1  2  3  4  5  6 |
---------------+-------------------+-----
Axes           | 2 3 4 |  4.9
Armour         | 3 |  3.8
Shields        | 3 |  3.3
Fighting       | 3 4 |  4.1
Dodging        | 1 |  1.4
Stealth        | |  0.5
Evocations     | |  0.1

Action                     |  1- 3 |  4- 6 || total
---------------------------+-------+-------++-------
  Melee: War axe           |   120 |   285 ||   405
  Evoke: Wand              |       |     8 ||     8
    Use: Scroll            |       |     3 ||     3
 Armour: Scale mail        |    31 |       ||    31
         Chain mail        |   107 |   144 ||   251
  Dodge: Dodged            |    62 |    77 ||   139
  Block: Buckler           |    42 |    38 ||    80

Table legend: (Time is in decaauts)
 A = Elapsed time spent in this place.
 B = Non-inter-level travel time spent in this place.
 C = Inter-level travel time spent in this place.
 D = Time resting spent in this place.
 E = Time spent auto-exploring this place.
 F = Levels seen in this place.
 G = Mean time per level.
                   A        B        C        D        E       F      G
               +--------+--------+--------+--------+--------+-----+--------+
         Total |   4823 |   4313 |    510 |      0 |      0 |   5 |  964.6 |
       Dungeon |   4823 |   4313 |    510 |      0 |      0 |   5 |  964.6 |
               +--------+--------+--------+--------+--------+-----+--------+

Top non-repeatable levels by time:
     D:4: 1524 daAuts
     D:2: 1247 daAuts
     D:3: 948 daAuts
     D:1: 878 daAuts
     D:5: 224 daAuts
